Map: Para Site LE

Players

Lambo - Winner!

  • Race: Zerg Zerg
  • League: Grandmaster
  • Spawn Location: 11:00

IIIIIIIIIIII

  • Race: Protoss Protoss
  • League: Master
  • Spawn Location: 5:00

VOD

Have the link to the VOD?

Description

Time

  • Played on: Dec. 5, 2018, noon
  • Length: 25:36
Show
View Real Time Build Order
Export as new Build Order

Lambo Zerg - Winner!

Build Orders: Hatch First, Brood Lord Corruptor 

Get SALT Encoding   

  12  0:00  Drone  
  13  0:13  Overlord  
  13  0:17  Drone  
  14  0:31  Drone x2  
  16  0:48  Hatchery  
  15  0:51  Drone  
  15  0:55  Drone  
  17  1:00  Drone  
  18  1:09  Extractor  
  17  1:15  Spawning Pool  
  17  1:17  Drone  
  17  1:20  Drone  
  18  1:29  Drone  
  19  1:40  Drone  
  20  1:51  Drone  
  21  2:02  Queen, Zergling x2  
  21  2:03  Queen  
  26  2:09  Metabolic Boost  
  26  2:11  Drone x2  
  26  2:15  Overlord  
  28  2:28  Hatchery  
  27  2:30  Drone  
  27  2:34  Drone  
  27  2:36  Drone  
  30  2:39  Drone  
  31  2:44  Drone  
  31  2:46  Overlord  
  32  2:52  Queen  
  32  2:55  Drone  
  35  3:00  Drone  
  36  3:07  Drone  
  36  3:08  Drone  
  36  3:11  Drone x2, Overlord  
  40  3:14  Drone  
  40  3:19  Drone, Evolution Chamber  
  41  3:20  Drone  
  41  3:24  Drone x2  
  44  3:29  Queen  
  44  3:31  Overlord  
  46  3:35  Drone  
  47  3:46  Spore Crawler  
  47  3:47  Queen  
  47  3:48  Spore Crawler, Drone x2  
  49  3:51  Zergling x4  
  49  3:54  Zerg Melee Weapons Level 1  
  49  3:55  Zergling x2  
  52  4:00  Drone, Overlord  
  52  4:02  Drone  
  54  4:06  Drone x3  
  57  4:11  Drone, Overlord  
  58  4:21  Drone  
  58  4:22  Drone x2  
  58  4:24  Drone  
  58  4:26  Drone x4  
  63  4:32  Drone  
  63  4:33  Lair  
  63  4:37  Drone x2  
  66  4:40  Drone x2  
  66  4:41  Zergling x4  
  66  4:43  Queen  
  66  4:45  Overlord  
  71  4:50  Extractor x2  
  71  4:51  Spore Crawler, Drone x2  
  70  4:59  Zergling x4  
  72  5:01  Drone x2, Overlord  
  72  5:04  Queen  
  76  5:09  Overlord  
  76  5:11  Drone x3  
  79  5:15  Drone x3  
  82  5:21  Drone x2  
  82  5:22  Drone  
  85  5:31  Spore Crawler x2, Drone x5  
  85  5:35  Hatchery  
  87  5:36  Spore Crawler x2  
  87  5:37  Spore Crawler  
  87  5:38  Drone  
  87  5:39  Drone  
  87  5:41  Drone x2  
  87  5:42  Overlord  
  88  5:46  Drone x2  
  88  5:48  Drone x2  
  89  5:52  Hydralisk Den, Extractor  
  89  5:55  Evolution Chamber  
  86  5:57  Zerg Melee Weapons Level 2  
  86  5:58  Drone  
  86  6:01  Queen  
  89  6:04  Queen  
  89  6:05  Drone  
  89  6:10  Drone x3  
  95  6:15  Drone x6  
  95  6:18  Drone x3  
  100  6:20  Drone  
  100  6:23  Extractor  
  100  6:24  Zerg Missile Weapons Level 1, Extractor  
  100  6:29  Baneling Nest  
  98  6:33  Drone x2  
  98  6:35  Drone x2  
  102  6:40  Grooved Spines  
  102  6:43  Overlord  
  102  6:44  Infestation Pit  
  102  6:45  Overlord x3  
  102  6:46  Overlord  
  101  6:55  Drone x2  
  101  6:57  Overlord x2  
  100  7:13  Drone x4  
  104  7:18  Drone x3, Centrifical Hooks  
  104  7:20  Hydralisk x6  
  119  7:23  Overseer  
  119  7:24  Hydralisk  
  119  7:25  Hydralisk  
  119  7:26  Hatchery  
  122  7:34  Hydralisk  
  122  7:35  Hydralisk x2  
  128  7:37  Hive  
  128  7:40  Hydralisk x3  
  134  7:46  Hydralisk  
  134  7:47  Hydralisk x2  
  139  7:52  Muscular Augments, Hydralisk x2  
  139  7:55  Drone x3  
  146  8:02  Hydralisk x2  
  146  8:03  Zergling x18  
  158  8:19  Zergling x2  
  159  8:21  Overlord x3  
  159  8:22  Overlord x2  
  159  8:41  Hatchery  
  159  8:43  Zerg Missile Weapons Level 2  
  159  8:47  Zergling x2  
  159  8:48  Zergling x40  
  179  8:59  Zergling x10  
  184  9:04  Zergling x18  
  184  9:07  Zerg Melee Weapons Level 3  
  184  9:08  Adrenal Glands  
  193  9:12  Zergling x4  
  193  9:15  Zergling x6  
  193  9:16  Baneling  
  193  9:17  Baneling x27  
  197  9:19  Baneling x2  
  197  9:24  Extractor  
  196  9:26  Zergling x2  
  196  9:29  Baneling x6  
  196  9:30  Baneling  
  197  9:40  Baneling  
  195  9:49  Zergling x16  
  197  9:56  Zergling x14  
  197  9:59  Zergling x10  
  199  10:04  Overlord  
  199  10:05  Spire  
  195  10:10  Zergling x20  
  193  10:20  Drone x3  
  193  10:21  Drone x3  
  198  10:23  Baneling x14  
  198  10:26  Drone, Baneling  
  199  10:34  Overlord  
  199  10:44  Overlord  
  199  10:49  Zergling x14  
  192  10:51  Zergling x22  
  173  10:58  Hydralisk x4  
  173  10:59  Zergling x10  
  173  11:03  Hydralisk x6  
  191  11:09  Hydralisk  
  191  11:10  Zergling x10  
  197  11:11  Zerg Missile Weapons Level 3  
  197  11:15  Extractor  
  194  11:19  Zergling x2  
  194  11:20  Zergling x12  
  196  11:28  Hydralisk x2  
  200  11:34  Zergling x2  
  200  11:37  Zerg Flyer Weapons Level 1, Hatchery  
  195  11:41  Spire  
  195  11:42  Extractor  
  195  11:44  Zerg Ground Armor Level 1, Extractor  
  190  11:56  Zergling x18  
  190  11:59  Overlord  
  195  12:05  Drone x3  
  195  12:06  Drone x3  
  196  12:24  Pathogen Glands  
  196  12:41  Extractor  
  195  12:46  Spine Crawler, Extractor  
  195  12:47  Spine Crawler  
  195  12:48  Spine Crawler  
  191  12:54  Overseer x2  
  191  12:55  Greater Spire  
  189  12:59  Corruptor  
  189  13:00  Corruptor x4  
  189  13:02  Drone  
  199  13:19  Corruptor x13  
  199  13:22  Overseer  
  199  13:25  Drone  
  200  13:37  Overseer, Zerg Flyer Armor Level 1  
  200  13:38  Pneumatized Carapace  
  197  13:55  Corruptor  
  196  14:12  Corruptor  
  198  14:19  Corruptor x4  
  182  14:26  Corruptor x9  
  189  14:34  Spore Crawler  
  189  14:35  Spore Crawler x2  
  189  14:36  Spore Crawler x2  
  189  14:37  Spore Crawler  
  180  14:45  Brood Lord x5  
  190  14:46  Brood Lord x4  
  190  14:47  Corruptor  
  170  15:02  Overseer  
  170  15:03  Drone x2  
  170  15:04  Drone x3  
  170  15:05  Spore Crawler, Corruptor x4  
  170  15:06  Zerg Flyer Weapons Level 2  
  170  15:07  Spore Crawler, Viper  
  182  15:10  Corruptor  
  185  15:15  Zergling x22  
  185  15:19  Spine Crawler  
  195  15:36  Corruptor x2  
  198  15:55  Hatchery  
  197  15:57  Hatchery  
  197  16:01  Viper  
  197  16:03  Zerg Flyer Armor Level 2  
  199  16:05  Zerg Ground Armor Level 2  
  196  16:26  Drone x3  
  199  16:39  Spine Crawler  
  193  16:41  Drone  
  193  16:42  Viper  
  193  16:43  Overseer  
  193  16:44  Brood Lord x2  
  198  16:50  Zergling x2  
  199  16:57  Overseer  
  199  17:08  Corruptor x2  
  196  17:28  Drone x3  
  199  17:35  Brood Lord  
  191  17:41  Brood Lord, Corruptor x3  
  199  17:45  Overseer x4  
  199  17:46  Zerg Flyer Weapons Level 3  
  199  17:51  Overseer  
  199  18:36  Overseer x2  
  187  18:58  Unknown x2  
  187  18:59  Corruptor x11  
  195  19:07  Corruptor x13  
  196  19:14  Corruptor x3  
  198  19:21  Corruptor x2  
  183  19:52  Viper x3  
  165  19:53  Corruptor  
  165  19:54  Corruptor x3  
  165  19:58  Queen x3  
  166  20:04  Hydralisk x4, Overlord x3  
  174  20:20  Extractor  
  173  20:23  Zergling x8  
  173  20:24  Zergling x6  
  180  20:29  Hatchery  
  175  21:09  Brood Lord  
  175  21:10  Brood Lord x5  
  187  21:11  Extractor  
  187  21:13  Overseer  
  187  21:16  Brood Lord  
  185  21:21  Zergling x18  
  192  21:28  Brood Lord  
  194  21:44  Overseer  
  194  21:49  Drone x3  
  182  22:12  Viper  
  180  22:27  Corruptor x2, Viper  
  180  22:28  Corruptor x2  
  189  22:43  Zergling x22  
  199  22:50  Overseer  
  198  23:00  Zergling x6  
  196  23:12  Extractor x2  
  189  23:25  Hatchery  
  188  23:29  Overseer x2  
  188  23:35  Brood Lord  
  188  23:37  Corruptor x5  
  188  23:40  Zergling x10  
  200  23:43  Extractor  
  200  23:47  Extractor  
  198  23:54  Spore Crawler x2  
  196  24:09  Overlord  
  195  24:31  Spore Crawler  
  195  24:32  Spore Crawler x2  
  195  24:33  Spore Crawler x2  
  188  24:40  Spore Crawler  
  188  24:41  Spore Crawler  
  188  24:42  Spore Crawler  
  188  24:44  Drone x3  
  188  24:58  Spore Crawler x2  
  188  24:59  Overseer  
  186  25:23  Unknown x2  
  186  25:24  Unknown x4  
Show
View Real Time Build Order
Export as new Build Order

IIIIIIIIIIII Protoss 

Build Orders: 1 Gate Expand, Oracle Opening, Phoenix Opening, Archon Immortal, Carriers, Mass Phoenix 

Get SALT Encoding   

  12  0:01  Probe  
  13  0:13  Probe  
  14  0:18  Pylon  
  14  0:25  Probe  
  15  0:33  Probe  
  15  0:41  Probe  
  16  0:43  Gateway  
  16  0:46  Assimilator  
  17  0:51  Probe  
  18  1:03  Probe  
  19  1:15  Probe  
  20  1:23  Nexus  
  20  1:34  Probe  
  20  1:37  Assimilator  
  21  1:42  Cybernetics Core  
  21  1:46  Probe  
  22  1:52  Pylon  
  22  1:58  Probe  
  23  2:10  Probe  
  23  2:11  Adept  
  24  2:18  Stargate  
  26  2:23  Probe, Warp Gate  
  27  2:33  Probe  
  27  2:34  Probe  
  29  2:38  Adept  
  29  2:41  Probe  
  29  2:42  Probe  
  31  2:49  Probe  
  31  2:50  Probe  
  33  2:56  Phoenix  
  35  3:01  Probe  
  35  3:02  Probe  
  39  3:10  Gateway  
  39  3:11  Oracle  
  39  3:14  Probe x2  
  41  3:23  Pylon  
  41  3:26  Probe x2  
  46  3:30  Assimilator  
  46  3:33  Assimilator  
  46  3:41  Probe  
  46  3:42  Probe  
  46  3:46  Stargate  
  46  3:47  Pylon  
  48  3:54  Probe x2, Phoenix  
  52  4:06  Probe x2  
  54  4:11  Pylon  
  54  4:13  Phoenix  
  54  4:18  Probe x2  
  58  4:29  Pylon  
  58  4:32  Phoenix  
  58  4:37  Phoenix  
  62  4:41  Nexus  
  62  4:46  Probe x2  
  64  4:54  Phoenix  
  64  4:55  Phoenix  
  64  4:58  Probe x2  
  68  5:07  Pylon  
  70  5:10  Probe x2  
  70  5:11  Shield Battery  
  70  5:12  Pylon  
  70  5:14  Phoenix  
  72  5:17  Phoenix  
  76  5:22  Probe  
  76  5:23  Probe  
  76  5:27  Sentry  
  76  5:28  Sentry  
  82  5:32  Robotics Facility  
  82  5:35  Probe x2  
  84  5:40  Robotics Facility  
  84  5:48  Probe x2  
  86  5:52  Forge  
  86  5:56  Probe  
  87  6:00  Probe x2  
  87  6:01  Assimilator  
  87  6:02  Assimilator  
  87  6:03  Pylon  
  89  6:08  Probe  
  89  6:09  Immortal  
  89  6:11  Protoss Ground Weapons Level 1  
  90  6:12  Probe x2  
  90  6:20  Probe  
  90  6:24  Probe x2  
  97  6:30  Gateway  
  97  6:33  Gateway, Probe  
  97  6:35  Immortal  
  102  6:42  Twilight Council  
  102  6:45  Pylon  
  102  6:49  Immortal  
  106  7:05  Charge  
  106  7:07  Immortal  
  106  7:14  Gateway x2  
  110  7:18  Gateway  
  110  7:20  Gateway  
  110  7:22  Pylon  
  110  7:23  Pylon  
  110  7:24  Templar Archives  
  110  7:28  Immortal  
  114  7:37  Nexus  
  114  7:38  Zealot  
  114  7:39  Pylon, Zealot x3  
  122  7:44  Pylon, Observer  
  121  7:52  Psionic Storm  
  121  7:58  Photon Cannon  
  121  7:59  Photon Cannon  
  121  8:00  Shield Battery x2  
  121  8:02  Shield Battery x2  
  121  8:03  Protoss Ground Weapons Level 2  
  121  8:06  Immortal  
  125  8:18  High Templar x6  
  137  8:29  Pylon  
  137  8:30  Pylon  
  137  8:34  Photon Cannon, Shield Battery  
  137  8:35  Assimilator  
  137  8:39  Photon Cannon  
  137  8:40  Photon Cannon, Assimilator  
  137  8:54  Warp Prism  
  137  8:56  Zealot  
  137  8:57  High Templar x2, Zealot  
  137  8:58  Zealot x4  
  155  9:11  Archon  
  155  9:21  Immortal  
  155  9:29  Immortal  
  163  9:36  High Templar x4, Zealot x2  
  163  9:37  Zealot x2  
  179  9:40  Photon Cannon  
  179  9:41  Archon, Shield Battery  
  179  9:42  Archon  
  169  10:02  Immortal x2  
  177  10:16  Fleet Beacon  
  177  10:17  Stargate  
  175  10:29  Protoss Ground Weapons Level 3  
  175  10:36  Zealot x6  
  175  10:37  Pylon  
  175  10:40  Protoss Air Weapons Level 1, Pylon  
  163  11:03  Carrier x3  
  163  11:05  High Templar x2  
  163  11:06  Zealot x6  
  181  11:26  Mothership  
  181  11:38  Zealot x5  
  181  11:39  Zealot x3  
  191  12:00  Nexus  
  191  12:01  Carrier  
  191  12:04  Carrier  
  171  12:11  Carrier  
  176  12:34  High Templar x4  
  176  12:35  Zealot x4  
  192  12:44  Archon  
  192  12:45  Archon  
  191  13:01  Photon Cannon  
  191  13:02  Photon Cannon  
  191  13:06  Photon Cannon  
  191  13:12  Protoss Air Weapons Level 2  
  189  13:19  Void Ray  
  182  13:20  Void Ray  
  190  13:36  High Templar x4  
  190  13:37  High Templar  
  190  13:40  Archon  
  190  13:41  Archon  
  200  13:58  Zealot x2  
  188  14:13  Zealot x3  
  188  14:14  Zealot x3  
  186  14:28  Pylon  
  186  14:30  Pylon  
  182  14:33  Pylon  
  182  14:36  Pylon  
  182  14:37  Nexus  
  182  14:55  Void Ray x3  
  170  15:01  High Templar x4  
  170  15:02  High Templar x4  
  198  15:07  Archon x2  
  198  15:08  Archon  
  198  15:09  Archon  
  198  15:31  Nexus  
  198  15:32  Pylon  
  196  15:40  Void Ray x3  
  182  16:15  Zealot x5  
  182  16:16  Zealot x3  
  198  16:21  Cybernetics Core  
  198  16:30  Gateway  
  198  16:37  Zealot  
  197  16:49  Protoss Air Weapons Level 3  
  197  16:57  Assimilator  
  197  17:02  Assimilator  
  197  17:05  Photon Cannon  
  197  17:08  Photon Cannon  
  197  17:09  Carrier x2  
  197  17:10  Carrier, Shield Battery  
  197  17:11  Shield Battery  
  199  17:33  Stargate  
  199  17:35  Stargate  
  199  17:43  Observer  
  194  17:50  Protoss Shields Level 1  
  194  18:03  High Templar  
  194  18:04  High Templar x2  
  200  18:14  Shield Battery  
  200  18:16  Shield Battery  
  200  18:17  Pylon, Shield Battery  
  191  18:42  Void Ray x2  
  193  18:58  Void Ray x3  
  193  19:00  Mothership  
  143  20:08  High Templar x4  
  143  20:13  Carrier x3  
  151  20:16  Carrier  
  155  20:50  Nexus  
  144  21:28  Nexus  
  144  21:29  Pylon  
  144  21:35  Zealot x7  
  144  21:37  Zealot x2  
  137  22:26  Zealot  
  137  22:27  Zealot x3  
  143  22:30  High Templar  
  134  23:27  Zealot x7  
  151  23:48  Nexus  
  145  23:51  Void Ray x2  
  147  24:30  Void Ray x2  
Tags
 
Add a new tag
Caveats
  • Supply blocks, unpowered buildings, or Contaminate may cause inaccurate times.
  • Supply counts are checked every 10 seconds.